 Dungeon Crawl Stone Soup version 0.22-a0-858-g985ef60 (webtiles) character file.

9 mhoghedin the Sneak (level 2, -2/16 HPs)
             Began as a Kobold Enchanter on July 27, 2018.
             Slain by a kobold
             ... wielding a +0 dagger
              (5 damage)
             ... on level 1 of the Dungeon.
             The game lasted 00:01:10 (372 turns).

mhoghedin the Sneak (Kobold Enchanter)               Turns: 372, Time: 00:01:11

Health: -2/16      AC:  2    Str:  5    XL:     2   Next: 20%
Magic:  1/5        EV: 15    Int: 16    God:
Gold:   34         SH:  0    Dex: 15    Spells: 2/5 levels left

rFire    . . .     SeeInvis .   a - +1 dagger
rCold    . . .     Gourm    .   (shield restricted)
rNeg     . . .     Faith    .   b - +0 robe
rPois    .         Spirit   .   (no helmet)
rElec    .         Reflect  .   (no cloak)
rCorr    .         Harm     .   (no gloves)
MR       .....                  (no boots)
Stlth    +++.......             (no amulet)
HPRegen  0.05/turn              (no ring)
MPRegen  0.09/turn              (no ring)

@: flying
A: small, carnivore
a: no special abilities


You were on level 1 of the Dungeon.
You were not hungry.

You visited 1 branch of the dungeon, and saw 1 of its levels.

You collected 34 gold pieces.

Inventory:

Hand Weapons
 a - a +1 dagger (weapon)
Armour
 b - a +0 robe (worn)
Scrolls
 e - a scroll of remove curse {unknown}
Comestibles
 d - 2 rations


   Skills:
 + Level 0.7 Fighting
 + Level 1.8 Short Blades
 + Level 2.7 Dodging
 + Level 4.2 Stealth
 - Level 2.1 Spellcasting
 - Level 3.0 Hexes


You had 2 spell levels left.
You knew the following spells:

 Your Spells              Type           Power        Failure   Level  Hunger
a - Ensorcelled Hibernat  Hex/Ice        #.....       17%         2    ###....
v - Corona                Hex            ##.....      6%          1    #......

Your spell library contained the following spells:

 Spells                   Type           Power        Failure   Level  Hunger
 Confuse                  Hex            ##......     19%         3    ###....
 Tukima's Dance           Hex            ##......     19%         3    ###....
 Dazzling Spray           Conj/Hex       #.....       32%         3    ###....


Dungeon Overview and Level Annotations

Branches:
Dungeon (1/15)

Altars:


Innate Abilities, Weirdness & Mutations

You are small and have problems with some larger weapons.
You are carnivorous and can eat meat at any time.


Message History

No target in view!
No target in view!
No target in view!
No target in view!
No target in view!
No target in view!
No target in view!
The bat hits you.
You take 1 damage, and have 8/11 hp.
You hit the bat. The bat barely misses you.
You hit the bat.
You kill the bat!
No target in view!
No target in view!
No target in view!
No target in view!
No target in view!
No target in view!
No target in view!
No target in view!
No target in view!
You start resting.
Health restored: 11 A bat comes into view.
A bat is nearby!
The bat hits you but does no damage. The bat closely misses you.
The bat misses you.
You hit the bat but do no damage. The bat misses you.
You closely miss the bat. The bat barely misses you.
You completely miss the bat. The bat hits you but does no damage.
The bat barely misses you. x2
You hit the bat but do no damage. The bat hits you but does no damage.
The bat barely misses you. The bat closely misses you.
You hit the bat.
You kill the bat!
You have reached level 2!
Health restored: 16; MP restored: 5 A leopard gecko comes into view.
A leopard gecko is nearby!
Memorise Ensorcelled Hibernation, consuming 2 spell levels and leaving 2?
You start memorising the spell.
You continue memorising. x2
You finish memorising.
Spell assigned to 'a'.
The leopard gecko is too close now for your liking.
A leopard gecko is nearby!
The helpless leopard gecko fails to defend itself.
You impale the leopard gecko!!
You kill the leopard gecko!
d - 2 rations (gained 1)
A rat, a hobgoblin and 2 kobolds come into view.
The rat misses you.
There are monsters nearby!
Unknown command.
You hit the rat.
You kill the rat!
The kobold shouts!
A rat comes into view.
You see here a rat corpse.
The kobold closely misses you.
You hit the kobold but do no damage. The kobold hits you with a whip.
You take 3 damage, and have 13/16 hp.
Unknown command.
You hit the kobold but do no damage. The kobold barely misses you.
You hit the kobold but do no damage.
A bat comes into view.
The kobold hits you but does no damage.
You hit the kobold but do no damage. You hit the kobold.
The kobold hits you with a whip.
You take 4 damage, and have 9/16 hp.
MASSIVE DAMAGE!!
Okay, then.
Unknown command.
Unknown command.
Aim: a kobold, wielding a whip (heavily wounded, chance to defeat MR: 55%)
The kobold resists with significant effort.
The kobold closely misses you.
You now have 3/5 mp.
Aim: a kobold, wielding a dagger (chance to defeat MR: 55%)
The kobold resists with significant effort.
The kobold hits you but does no damage. The kobold closely misses you.
You now have 1/5 mp.
You hit the kobold but do no damage. The kobold completely misses you.
The kobold closely misses you.
You barely miss the kobold. The kobold misses you.
The kobold barely misses you.
You completely miss the kobold. The kobold hits you but does no damage.
The kobold misses you.
You hit the kobold. The kobold completely misses you.
The kobold barely misses you.
You closely miss the kobold. The kobold hits you with a dagger.
The kobold hits you with a whip.
* * * LOW HITPOINT WARNING * * *
You take 7 damage, and have 3/16 hp.
MASSIVE DAMAGE!!
You hit the kobold but do no damage. The kobold closely misses you. x2
You closely miss the kobold. The kobold hits you but does no damage.
The kobold barely misses you.
It was a potion of flight.
You feel very buoyant.
You fly up into the air.
The kobold hits you with a dagger.
You die...

..# #.# ... ...# .. #.#
#..# ### .##.$# #.#
#..# #(. #....# #.#
#..# #%.g#..#.#
#.###..#
br#....###.#...#####
#K##..............#
..#@#...##.......#.#
..##K##..........#.#
#...#†#.............
.......##.##.......##.#
##.......#?#..#...## #
.........###..#######
...................?.
##.######..##.#######
#. #.........#


You could see a hobgoblin, a bat, 2 kobolds and a rat.

Vanquished Creatures
  A leopard gecko (D:1)
  2 bats (D:1)
  A giant cockroach (D:1)
  A kobold (D:1)
  A frilled lizard (D:1)
  A goblin (D:1)
  A rat (D:1)
8 creatures vanquished.

Notes
Turn   | Place    | Note
-------+----------+-------------------------------------------
     0 | D:1      | mhoghedin the Kobold Enchanter began the quest for the Orb.
     0 | D:1      | Reached XP level 1. HP: 10/10 MP: 3/3
   322 | D:1      | Reached XP level 2. HP: 16/16 MP: 5/5
   334 | D:1      | Learned a level 2 spell: Ensorcelled Hibernation
   369 | D:1      | HP: 3/16 [kobold/whip (6)]
   372 | D:1      | Slain by a kobold

Vault maps used:
D:1:      mushboom_english_gardens, st_stairs_5, minmay_vboxes

Action                   || total
-------------------------++-------
Melee: Dagger            ||    49
 Cast: Ensorcelled Hiber ||     2
  Use: Potion            ||     1
 Stab: Sleeping          ||     1
  Eat: Chunk             ||     1
Armor: Robe              ||    18
Dodge: Dodged            ||    51

Table legend:
 A = Spawn XP
 B = Non-spawn XP
 C = Spawn XP percentage of total XP
 D = Spawn monster count
 E = Non-spawn monster count
 F = Spawn count percentage of total count
 G = Total turns spent on level
                    A         B        C        D         E        F      G
               +---------+---------+-------+---------+---------+-------+---------
         Total |       0 |      13 |   0.0 |       0 |       8 |   0.0 |   372
               +---------+---------+-------+---------+---------+-------+---------
           D:1 |       0 |      13 |   0.0 |       0 |       8 |   0.0 |   372
               +---------+---------+-------+---------+---------+-------+---------

Vault maps used:
D:1:      mushboom_english_gardens, st_stairs_5, minmay_vboxes

Table legend:
 A = Turns spent in this place as a percentage of turns spent in the entire game.
 B = Non-inter-level travel turns spent in this place as a percentage of non-inter-level travel turns spent in the entire game.
 C = Inter-level travel turns spent in this place as a percentage of turns spent in this place.
 D = Turns resting spent in this place as a percentage of non-inter-level travel turns spent in this place.
 E = Turns spent auto-exploring this place as a percentage of non-inter-level travel turns spent in this place.
 F = Non-inter-level travel turns spent in this place divided by the number of levels of this place that you've seen.
                   A       B       C       D       E      F
               +-------+-------+-------+-------+-------+----------------------
         Total | 100.0 | 100.0 |   0.0 |  52.7 |  17.5 | 372.0
       Dungeon | 100.0 | 100.0 |   0.0 |  52.7 |  17.5 | 372.0
               +-------+-------+-------+-------+-------+----------------------

Table legend:
 A = Kills in this place as a percentage of kills in entire the game.
 B = Kills by you in this place as a percentage of kills by you in the entire game.
 C = Kills by friends in this place as a percentage of kills by friends in the entire game.
 D = Other kills in this place as a percentage of other kills in the entire game.
 E = Experience gained in this place as a percentage of experience gained in the entire game.
 F = Experience gained in this place divided by the number of levels of this place that you have seen.
                   A       B       C       D       E      F
               +-------+-------+-------+-------+-------+----------------------
         Total | 100.0 | 100.0 |   N/A |   N/A | 100.0 |  13.0
       Dungeon | 100.0 | 100.0 |   N/A |   N/A | 100.0 |  13.0
               +-------+-------+-------+-------+-------+----------------------
